 Dungeon Crawl Stone Soup version 0.30-a0-862-g1aabd4f9c5 (webtiles) character file.

Game seed: 9174206231296330767

35 Hubjo the Grave Robber (level 3, -1/26 HPs)
             Began as a Demonspawn Necromancer on Mar 8, 2023.
             Slain by a gnoll
             ... wielding a +0 spear
              (10 damage)
             ... on level 2 of the Dungeon.
             The game lasted 00:01:39 (985 turns).

Hubjo the Grave Robber (Demonspawn Necromancer)      Turns: 985, Time: 00:01:40

Health: -1/26      AC:  2    Str:  8    XL:     3   Next: 16%
Magic:  1/6        EV: 12    Int: 18    God:
Gold:   51         SH:  5    Dex: 13    Spells: 5/6 levels left

rFire   . . .      SeeInvis .    e - +0 dagger (freeze)
rCold   . . .      Faith    .    (no shield)
rNeg    . . .      Spirit   .    a - +0 robe
rPois   .          Reflect  +    (helmet restricted)
rElec   .          Rampage  .    (no cloak)
rCorr   .                        (no gloves)
Will    .....                    (no boots)
Stlth   ++                       i - amulet of reflection
HPRegen 0.24/turn                (no ring)
MPRegen 0.10/turn                (no ring)

@: no status effects
A: horns 1, powered by pain 1
a: no special abilities


You were on level 2 of the Dungeon.
You visited 1 branch of the dungeon, and saw 2 of its levels.

You collected 51 gold pieces.

Inventory:

Hand Weapons
 e - a +0 dagger of freezing (weapon)
Armour
 a - a +0 robe (worn)
Jewellery
 i - an amulet of reflection (around neck)
Scrolls
 d - a scroll of identify
 f - a scroll of enchant armour {unknown}
 g - a scroll of vulnerability
Potions
 b - a potion of magic
 c - a potion of curing {unknown}
 h - a potion of mutation {unknown}


   Skills:
 * Level 1.2 Fighting
 - Level 2.1 Dodging
 + Level 2.1 Stealth
 + Level 2.3 Spellcasting
 + Level 4.6 Necromancy


You had 5 spell levels left.
You knew the following spells:

 Your Spells              Type           Power      Damage    Failure   Level
a - Necrotise             Necr           72%        1d7       2%          1

Your spell library contained the following spells:

 Spells                   Type           Power      Damage    Failure   Level
 Kiss of Death            Conj/Necr      40%        2d8       7%          1
 Vampiric Draining        Necr           18%        2d7       8%          3
 Animate Dead             Necr           18%        N/A       26%         4
 Dispel Undead            Necr           18%        3d11      26%         4
 Confusing Touch          Hex            2%         N/A       47%         3
 Agony                    Necr           18%        N/A       58%         5


Dungeon Overview and Level Annotations

Branches:
Dungeon (2/15)

Altars:


Innate Abilities, Weirdness & Mutations

You have a pair of small horns on your head.
You sometimes gain a little power by taking damage.


Message History

You are out of magic!
Unknown command.
You hit the gnoll. You freeze the gnoll.
You headbutt the gnoll, but do no damage.
The gnoll is moderately wounded.
Your gnoll skeleton hits the gnoll.
You block the gnoll's attack. The bat barely misses you.
You hit the gnoll but do no damage.
The gnoll is moderately wounded.
The bat misses you. The bat barely misses you.
Your gnoll skeleton hits the gnoll.
The gnoll hits you with a +0 club.
You closely miss the gnoll.
The gnoll is heavily wounded.
The bat closely misses you. The gnoll hits you with a +0 club.
Your gnoll skeleton hits the gnoll but does no damage.
The bat hits your gnoll skeleton.
You closely miss the gnoll.
The gnoll is heavily wounded.
The bat hits you. The bat closely misses you.
The gnoll hits you from afar with a +0 spear.
You hit the gnoll but do no damage.
The gnoll is heavily wounded.
The bat hits you.
Your gnoll skeleton closely misses the bat.
The gnoll closely misses you. The bat hits your gnoll skeleton.
The gnoll closely misses you.
You hit the gnoll but do no damage. You headbutt the gnoll.
The gnoll is heavily wounded.
The bat barely misses you. x2; Your gnoll skeleton hits the bat.
The bat dies!
You block the gnoll's attack. The gnoll misses you.
You hit the gnoll but do no damage.
The gnoll is heavily wounded.
The gnoll hits you with a +0 club. You block the gnoll's attack.
As you read the scroll labelled QEOGHA LIPOAGU, it crumbles to dust.
It is a scroll of identify.
g - a scroll of vulnerability Your gnoll skeleton hits the gnoll.
You block the gnoll's attack.
The gnoll hits you from afar with a +0 spear!
You die...

#...... #......
#.?....
##.....##
#........
#......g######.
......Z........
.[....g@##
#.....#..#
###...##.##
#.###.......###
#.#...###.....#
#..... ...<
####..# #.....
#.# ##..##
##.## #.....
##.. ....# #..#
#..... b..#
#..# #(.####
#.....


You could see 2 gnolls and a friendly gnoll skeleton.

Vanquished Creatures
  A gnoll (D:2)
  A worm (D:2)
  A hobgoblin (D:1)
  3 jackals (D:2)
  2 quokkas
  2 ball pythons (D:1)
  2 frilled lizards (D:1)
  4 kobolds (D:1)
  3 rats (D:1)
19 creatures vanquished.

Vanquished Creatures (collateral kills)
  An endoplasm (D:2)
  A giant cockroach (D:1)
  A bat (D:2)
3 creatures vanquished.

Grand Total: 22 creatures vanquished

Notes
Turn   | Place    | Note
-------+----------+-------------------------------------------
     0 | D:1      | Hubjo the Demonspawn Necromancer began the quest for the
                  | Orb.
     0 | D:1      | Reached XP level 1. HP: 13/13 MP: 3/3
   396 | D:1      | Gained mutation: You sometimes gain a little power by
                  | taking damage. [demonic ancestry]
   396 | D:1      | Reached XP level 2. HP: 13/19 MP: 0/5
   976 | D:2      | Reached skill level 1 in Fighting
   976 | D:2      | Gained mutation: You have a pair of small horns on your
                  | head. [demonic ancestry]
   976 | D:2      | Reached XP level 3. HP: 26/26 MP: 2/6
   985 | D:2      | Slain by a gnoll

Illustrated notes

Levels and vault maps discovered:
D:1:      tarquinn_simple_flora_water_c, layout_basic
D:2:      layout_rooms, hellmonk_ecumenical_altar_run_dry, serial_park_tiny_2,
          uniq_crazy_yiuf_cottage, uniq_natasha, uniq_jessica

Skill      XL: |  1  2 |
---------------+-------+-----
Dodging        | 2 |  2.1
Stealth        | 2 |  2.1
Fighting       | 1 |  1.2
Spellcasting   | |  2.3
Necromancy     | |  4.6

Action                     || total
---------------------------++-------
  Melee: Unarmed           ||    11
         Dagger            ||    20
         Punch             ||     1
         Headbutt          ||     2
   Cast: Necrotise         ||    35
    Use: Scroll            ||     1
   Stab: Distracted        ||     2
 Armour: Robe              ||     2
  Dodge: Dodged            ||    31
  Block: Other             ||     7

Table legend: (Time is in decaauts)
 A = Elapsed time spent in this place.
 B = Non-inter-level travel time spent in this place.
 C = Inter-level travel time spent in this place.
 D = Time resting spent in this place.
 E = Time spent auto-exploring this place.
 F = Levels seen in this place.
 G = Mean time per level.
                   A        B        C        D        E       F      G
               +--------+--------+--------+--------+--------+-----+--------+
         Total |    984 |    958 |     26 |      0 |    783 |   2 |  492.0 |
       Dungeon |    984 |    958 |     26 |      0 |    783 |   2 |  492.0 |
               +--------+--------+--------+--------+--------+-----+--------+

Top non-repeatable levels by time:
     D:1: 813 daAuts
     D:2: 170 daAuts
